| TOP OF THE 1ST |
|
Idaho Falls Chukars batting - Pitching for Staten Island Yankees : RHP Francisco Rosado
|
|
Pitching: RHP Francisco Rosado
|
|
|
Batting: RHB Ruben Luis
|
0-0: Ground out 3-1 (Groundball, 34, EV 109.4 MPH)
|
|
Batting: RHB Mike Bearden
|
0-0: Called Strike 0-1: Ball 1-1: Ball 2-1: Foul Ball, location: 2F 2-2: Foul Ball, location: 2F 2-2: Foul Ball, location: 2F 2-2: Fly out, F9 (Flyball, 9LD, EV 106.9 MPH)
|
|
Batting: RHB Jonas Fernandez
|
0-0: Called Strike 0-1: Ball 1-1: Fly out, F8 (Flyball, 8LD, EV 90.0 MPH)
|
| Top of the 1st over - 0 runs, 0 hits, 0 errors, 0 left on base; Idaho Falls 0 - Staten Island 0 |
| BOTTOM OF THE 1ST |
|
Staten Island Yankees batting - Pitching for Idaho Falls Chukars : RHP Brian Hunt
|
|
Pitching: RHP Brian Hunt
|
|
|
Batting: RHB Norimoto Miyanishi
|
0-0: Ball 1-0: Called Strike 1-1: Swinging Strike 1-2: Foul Ball, location: 2F 1-2: Ball 2-2: Foul Ball, location: 2F 2-2: Strikes out swinging
|
|
Batting: LHB Dario Segura
|
0-0: Swinging Strike 0-1: Ball 1-1: Ball 2-1: Ball 3-1: Base on Balls
|
|
Batting: RHB Pat Pemberton
|
0-0: Called Strike 0-1: Swinging Strike 0-2: Ball 1-2: Foul Ball, location: 2F 1-2: Fly out, F2 (Popup, 15S, EV 81.2 MPH)
|
|
Batting: SHB Tadaaki Kondo
|
0-0: Ball 1-0: Ball 2-0: Ball 3-0: Base on Balls Dario Segura to second
|
|
Batting: LHB Mike Schermerhorn
|
0-0: Swinging Strike 0-1: Fly out, F5 (Popup, 5F, EV 78.1 MPH)
|
| Bottom of the 1st over - 0 runs, 0 hits, 0 errors, 2 left on base; Idaho Falls 0 - Staten Island 0 |
| TOP OF THE 2ND |
|
Idaho Falls Chukars batting - Pitching for Staten Island Yankees : RHP Francisco Rosado
|
|
Batting: RHB Chance Argy
|
0-0: Ball 1-0: Ball 2-0: Foul Ball, location: 2F 2-1: Ball 3-1: Foul Ball, location: 2F 3-2: Foul Ball, location: 2F 3-2: Foul Ball, location: 2F 3-2: TRIPLE (Flyball, 78D, EV 105.6 MPH)
|
|
Batting: RHB Ian Hornsby
|
0-0: Ball 1-0: Ball 2-0: Called Strike 2-1: Foul Ball, location: 2F 2-2: Ground out 6-3 (Groundball, 6, EV 85.6 MPH) Chance Argy scores
|
|
Batting: LHB Vicente Hernandez
|
0-0: Foul Ball, location: 2F 0-1: Ground out 6-3 (Groundball, 6, EV 89.4 MPH)
|
|
Batting: RHB Jimmy Mayville
|
0-0: Called Strike 0-1: Ball 1-1: Foul Ball, location: 2F 1-2: Strikes out looking
|
| Top of the 2nd over - 1 run, 1 hit, 0 errors, 0 left on base; Idaho Falls 1 - Staten Island 0 |
| BOTTOM OF THE 2ND |
|
Staten Island Yankees batting - Pitching for Idaho Falls Chukars : RHP Brian Hunt
|
|
Batting: SHB Adam Slade
|
0-0: Ball 1-0: Ground out U3 (Groundball, 34S, EV 70.6 MPH)
|
|
Batting: RHB Daniel Underhay
|
0-0: Ball 1-0: Ground out 6-3 (Groundball, 6, EV 81.2 MPH)
|
|
Batting: RHB Jesus Ruiz
|
0-0: Ball 1-0: Ground out 4-3 (Groundball, 4, EV 96.2 MPH)
|
| Bottom of the 2nd over - 0 runs, 0 hits, 0 errors, 0 left on base; Idaho Falls 1 - Staten Island 0 |
| TOP OF THE 3RD |
|
Idaho Falls Chukars batting - Pitching for Staten Island Yankees : RHP Francisco Rosado
|
|
Batting: LHB David Bearden
|
0-0: Ball 1-0: Called Strike 1-1: Called Strike 1-2: Strikes out swinging
|
|
Batting: RHB Rafael Tapia
|
0-0: Ball 1-0: Ground out 5-3 (Groundball, 56, EV 88.1 MPH)
|
|
Batting: RHB Ruben Luis
|
0-0: Ball 1-0: Ball 2-0: Ball 3-0: Base on Balls
|
|
Batting: RHB Mike Bearden
|
0-0: Ball 1-0: Called Strike Ruben Luis is caught stealing 2nd base 2-4
|
| Top of the 3rd over - 0 runs, 0 hits, 0 errors, 0 left on base; Idaho Falls 1 - Staten Island 0 |
| BOTTOM OF THE 3RD |
|
Staten Island Yankees batting - Pitching for Idaho Falls Chukars : RHP Brian Hunt
|
|
Batting: LHB Danny de Leon
|
0-0: Ball 1-0: Called Strike 1-1: Foul Ball, location: 2F 1-2: Foul Ball, location: 2F 1-2: Fly out, F8 (Flyball, 8RXD, EV 105.0 MPH)
|
|
Batting: RHB Norimoto Miyanishi
|
0-0: Ground out 6-3 (Groundball, 6, EV 102.5 MPH)
|
|
Batting: LHB Dario Segura
|
0-0: Ball 1-0: Swinging Strike 1-1: Ball 2-1: Ball 3-1: Base on Balls
|
|
Batting: RHB Pat Pemberton
|
0-0: Ball 1-0: Called Strike 1-1: Ball Dario Segura steals 2nd base 2-1: Foul Ball, location: 2F 2-2: Fly out, F7 (Flyball, 7LSF, EV 86.2 MPH)
|
| Bottom of the 3rd over - 0 runs, 0 hits, 0 errors, 1 left on base; Idaho Falls 1 - Staten Island 0 |
| TOP OF THE 4TH |
|
Idaho Falls Chukars batting - Pitching for Staten Island Yankees : RHP Francisco Rosado
|
|
Batting: RHB Mike Bearden
|
0-0: Ball 1-0: Ground out U3 (Groundball, 34S, EV 81.9 MPH)
|
|
Batting: RHB Jonas Fernandez
|
0-0: Ball 1-0: Ball 2-0: Ball 3-0: Base on Balls
|
|
Batting: RHB Chance Argy
|
0-0: Called Strike 0-1: Ball 1-1: Ball 2-1: Reached on error, E4 (Groundball, 4, EV 79.4 MPH) Jonas Fernandez to second
|
|
Batting: RHB Ian Hornsby
|
0-0: Ball 1-0: Foul Ball, location: 2F 1-1: Foul Ball, location: 2F 1-2: Foul Ball, location: 2F 1-2: Strikes out looking
|
|
Batting: LHB Vicente Hernandez
|
0-0: Ball 1-0: Ball 2-0: Called Strike 2-1: Fly out, F9 (Flyball, 9LM, EV 91.9 MPH)
|
| Top of the 4th over - 0 runs, 0 hits, 1 error, 2 left on base; Idaho Falls 1 - Staten Island 0 |
| BOTTOM OF THE 4TH |
|
Staten Island Yankees batting - Pitching for Idaho Falls Chukars : RHP Brian Hunt
|
|
Pitching: RHP Jim Haggart
|
|
|
Batting: SHB Tadaaki Kondo
|
0-0: Ball 1-0: Foul Ball, location: 2F 1-1: Foul Ball, location: 2F 1-2: Strikes out swinging
|
|
Batting: LHB Mike Schermerhorn
|
0-0: Foul Ball, location: 2F 0-1: Ball 1-1: Swinging Strike 1-2: Ball 2-2: Strikes out swinging
|
|
Batting: SHB Adam Slade
|
0-0: Swinging Strike 0-1: Called Strike 0-2: Ball 1-2: Ball 2-2: Ball 3-2: Strikes out swinging
|
| Bottom of the 4th over - 0 runs, 0 hits, 0 errors, 0 left on base; Idaho Falls 1 - Staten Island 0 |
| TOP OF THE 5TH |
|
Idaho Falls Chukars batting - Pitching for Staten Island Yankees : RHP Francisco Rosado
|
|
Batting: RHB Jimmy Mayville
|
0-0: Swinging Strike 0-1: Called Strike 0-2: Foul Ball, location: 2F 0-2: Ball 1-2: SINGLE (Flyball, 34D, EV 92.5 MPH)
|
|
Batting: LHB David Bearden
|
0-0: Reached on error, E5 (Groundball, 5, EV 79.4 MPH) Jimmy Mayville to third
|
|
Batting: RHB Rafael Tapia
|
0-0: SINGLE (Groundball, 6M, EV 95.6 MPH) Jimmy Mayville scores David Bearden to third
|
|
Batting: RHB Ruben Luis
|
0-0: Ground out 4-3 (Groundball, 13, EV 84.4 MPH) David Bearden scores Rafael Tapia to second
|
|
Batting: RHB Mike Bearden
|
0-0: Ball 1-0: SINGLE (Groundball, 56S, EV 66.9 MPH) (infield hit) Rafael Tapia to third
|
|
Batting: RHB Jonas Fernandez
|
0-0: Ball 1-0: Ball 2-0: Ground out 5-3 (Groundball, 56S, EV 86.2 MPH) Mike Bearden to second
|
|
Batting: RHB Chance Argy
|
0-0: Called Strike 0-1: Ball 1-1: SINGLE (Line Drive, 3D, EV 95.0 MPH) Rafael Tapia scores Mike Bearden to third
|
|
Batting: RHB Ian Hornsby
|
0-0: Ball 1-0: Called Strike 1-1: Fly out, F9 (Flyball, 9D, EV 102.5 MPH)
|
| Top of the 5th over - 3 runs, 4 hits, 1 error, 2 left on base; Idaho Falls 4 - Staten Island 0 |
| BOTTOM OF THE 5TH |
|
Staten Island Yankees batting - Pitching for Idaho Falls Chukars : RHP Jim Haggart
|
|
Batting: RHB Daniel Underhay
|
0-0: Ball 1-0: Ball 2-0: Foul Ball, location: 2F 2-1: Ball 3-1: Swinging Strike 3-2: Fly out, F9 (Flyball, 9D, EV 103.8 MPH)
|
|
Batting: RHB Jesus Ruiz
|
0-0: Foul Ball, location: 2F 0-1: Ball 1-1: Swinging Strike 1-2: Strikes out swinging
|
|
Batting: LHB Danny de Leon
|
0-0: Ball 1-0: Foul Ball, location: 2F 1-1: Foul Ball, location: 2F 1-2: Foul Ball, location: 2F 1-2: Strikes out swinging
|
| Bottom of the 5th over - 0 runs, 0 hits, 0 errors, 0 left on base; Idaho Falls 4 - Staten Island 0 |
| TOP OF THE 6TH |
|
Idaho Falls Chukars batting - Pitching for Staten Island Yankees : RHP Francisco Rosado
|
|
Batting: LHB Vicente Hernandez
|
0-0: Ball 1-0: Ball 2-0: Ball 3-0: Base on Balls
|
|
Batting: RHB Jimmy Mayville
|
0-0: Ball 1-0: Called Strike 1-1: Ball 2-1: Fly out, F4 (Line Drive, 4, EV 70.6 MPH)
|
|
Batting: LHB David Bearden
|
0-0: Called Strike 0-1: Fly out, F8 (Flyball, 8LS, EV 82.5 MPH)
|
|
Batting: RHB Rafael Tapia
|
0-0: SINGLE (Groundball, 5S, EV 70.0 MPH) (infield hit) Vicente Hernandez to second
|
|
Batting: RHB Ruben Luis
|
0-0: Called Strike 0-1: Ball 1-1: Fielders Choice at 2nd, 6-4 (Groundball, 6, EV 103.1 MPH)
|
| Top of the 6th over - 0 runs, 1 hit, 0 errors, 2 left on base; Idaho Falls 4 - Staten Island 0 |
| BOTTOM OF THE 6TH |
|
Staten Island Yankees batting - Pitching for Idaho Falls Chukars : RHP Jim Haggart
|
|
Batting: RHB Norimoto Miyanishi
|
0-0: Called Strike 0-1: Called Strike 0-2: Strikes out swinging
|
|
Batting: LHB Dario Segura
|
0-0: Called Strike 0-1: Called Strike 0-2: Ball 1-2: Strikes out swinging
|
|
Batting: RHB Pat Pemberton
|
0-0: Ball 1-0: Ball 2-0: Called Strike 2-1: Ball 3-1: Called Strike 3-2: Strikes out swinging
|
| Bottom of the 6th over - 0 runs, 0 hits, 0 errors, 0 left on base; Idaho Falls 4 - Staten Island 0 |
| TOP OF THE 7TH |
|
Idaho Falls Chukars batting - Pitching for Staten Island Yankees : RHP Francisco Rosado
|
|
Batting: RHB Mike Bearden
|
0-0: Ball 1-0: Ball 2-0: Foul Ball, location: 2F 2-1: Swinging Strike 2-2: Fly out, F8 (Flyball, 8LD, EV 100.0 MPH)
|
|
Pitching: RHP Nick Peters
|
|
|
Batting: RHB Jonas Fernandez
|
0-0: Ball 1-0: Ball 2-0: Swinging Strike 2-1: Swinging Strike 2-2: Strikes out swinging
|
|
Batting: RHB Chance Argy
|
0-0: Called Strike 0-1: Ball 1-1: Ball 2-1: Swinging Strike 2-2: Foul Ball, location: 2F 2-2: Strikes out swinging
|
| Top of the 7th over - 0 runs, 0 hits, 0 errors, 0 left on base; Idaho Falls 4 - Staten Island 0 |
| BOTTOM OF THE 7TH |
|
Staten Island Yankees batting - Pitching for Idaho Falls Chukars : RHP Jim Haggart
|
|
Pitching: LHP Bin Ya
|
|
|
Batting: SHB Tadaaki Kondo
|
0-0: Swinging Strike 0-1: Swinging Strike 0-2: Strikes out swinging
|
|
Pinch Hitting: RHB Jon Pierce
|
0-0: Called Strike 0-1: Ball 1-1: Foul Ball, location: 2F 1-2: Strikes out swinging, 2-3 out at first.
|
|
Batting: SHB Adam Slade
|
0-0: Ball 1-0: Swinging Strike 1-1: Foul Ball, location: 2F 1-2: Reached on error, E6 (Groundball, 6M, EV 79.4 MPH)
|
|
Batting: RHB Daniel Underhay
|
0-0: Called Strike Adam Slade is caught stealing 2nd base 2-4
|
| Bottom of the 7th over - 0 runs, 0 hits, 1 error, 0 left on base; Idaho Falls 4 - Staten Island 0 |
| TOP OF THE 8TH |
|
Idaho Falls Chukars batting - Pitching for Staten Island Yankees : RHP Nick Peters
|
|
Now in LF: Jon Pierce
|
|
|
Batting: RHB Ian Hornsby
|
0-0: Called Strike 0-1: Ball 1-1: Called Strike 1-2: Foul Ball, location: 2F 1-2: Strikes out looking
|
|
Batting: LHB Vicente Hernandez
|
0-0: SINGLE (Line Drive, 3D, EV 94.4 MPH)
|
|
Batting: RHB Jimmy Mayville
|
0-0: Called Strike 0-1: Ball 1-1: Ball 2-1: Ball 3-1: Called Strike 3-2: SINGLE (Groundball, 56D, EV 108.8 MPH) Vicente Hernandez to second
|
|
Pitching: LHP Colin Scott
|
|
|
Batting: LHB David Bearden
|
0-0: Foul Ball, location: 2F 0-1: Called Strike 0-2: Ball 1-2: Foul Ball, location: 2F 1-2: Strikes out swinging
|
|
Batting: RHB Rafael Tapia
|
0-0: Foul Ball, location: 2F 0-1: Ball 1-1: Foul Ball, location: 2F 1-2: Fly out, F3 (Popup, 3SF, EV 68.8 MPH)
|
| Top of the 8th over - 0 runs, 2 hits, 0 errors, 2 left on base; Idaho Falls 4 - Staten Island 0 |
| BOTTOM OF THE 8TH |
|
Staten Island Yankees batting - Pitching for Idaho Falls Chukars : LHP Bin Ya
|
|
Batting: RHB Daniel Underhay
|
0-0: Ground out 6-3 (Groundball, 6, EV 80.6 MPH)
|
|
Batting: RHB Jesus Ruiz
|
0-0: Ball 1-0: Called Strike 1-1: Ball 2-1: Ground out 4-3 (Groundball, 34, EV 84.4 MPH)
|
|
Batting: LHB Danny de Leon
|
0-0: Ball 1-0: Called Strike 1-1: Ball 2-1: Ball 3-1: Foul Ball, location: 2F 3-2: Base on Balls
|
|
Batting: RHB Norimoto Miyanishi
|
0-0: Called Strike 0-1: Foul Ball, location: 2F 0-2: Ground out 4-3 (Groundball, 4, EV 90.0 MPH)
|
| Bottom of the 8th over - 0 runs, 0 hits, 0 errors, 1 left on base; Idaho Falls 4 - Staten Island 0 |
| TOP OF THE 9TH |
|
Idaho Falls Chukars batting - Pitching for Staten Island Yankees : LHP Colin Scott
|
|
Batting: RHB Ruben Luis
|
0-0: Ball 1-0: Swinging Strike 1-1: Ball 2-1: Foul Ball, location: 2F 2-2: Ball 3-2: Base on Balls
|
|
Batting: RHB Mike Bearden
|
0-0: Called Strike 0-1: Ball 1-1: Swinging Strike 1-2: Grounds into double play, 4-6-3 (Groundball, 4, EV 90.6 MPH)
|
|
Pitching: RHP Nate LaCava
|
|
|
Batting: RHB Jonas Fernandez
|
0-0: Hit by Pitch
|
|
Batting: RHB Chance Argy
|
0-0: Foul Ball, location: 2F 0-1: Called Strike 0-2: 2-RUN HOME RUN (Flyball, 7D, EV 98.8 MPH), Distance : 384 ft
|
|
Batting: RHB Ian Hornsby
|
0-0: Called Strike 0-1: Ball 1-1: Foul Ball, location: 2F 1-2: Ball 2-2: Strikes out swinging
|
| Top of the 9th over - 2 runs, 1 hit, 0 errors, 0 left on base; Idaho Falls 6 - Staten Island 0 |
| BOTTOM OF THE 9TH |
|
Staten Island Yankees batting - Pitching for Idaho Falls Chukars : LHP Bin Ya
|
|
Batting: LHB Dario Segura
|
0-0: Ball 1-0: Foul Ball, location: 2F 1-1: Called Strike 1-2: Fly out, F9 (Line Drive, 9, EV 100.6 MPH)
|
|
Batting: RHB Pat Pemberton
|
0-0: Swinging Strike 0-1: Ball 1-1: Called Strike 1-2: Fly out, F9 (Line Drive, 9LM, EV 100.0 MPH)
|
|
Batting: SHB Tadaaki Kondo
|
0-0: Ball 1-0: Ball 2-0: Swinging Strike 2-1: Called Strike 2-2: Ball 3-2: Base on Balls
|
|
Batting: RHB Jon Pierce
|
0-0: Ball 1-0: Called Strike 1-1: Ball 2-1: Foul Ball, location: 2F 2-2: Strikes out looking
|
| Bottom of the 9th over - 0 runs, 0 hits, 0 errors, 1 left on base; Idaho Falls 6 - Staten Island 0 |
|